 Dungeon Crawl Stone Soup version 0.29-a0-416-g83a48905f1 (webtiles) character file.

Game seed: 15105393908700016438

9434 Bruhh the Frost Mage (level 11, -3/84 HPs)
             Began as a Gnoll Ice Elementalist on May 16, 2022.
             Was a Follower of Ashenzari.
             Slain by a two-headed ogre
             ... wielding a +0 giant spiked club
              (19 damage)
             ... on level 9 of the Dungeon.
             The game lasted 00:18:12 (11312 turns).

Bruhh the Frost Mage (Gnoll Ice Elementalist)      Turns: 11312, Time: 00:18:13

Health: -3/84      AC: 19    Str:  9    XL:     11   Next: 46%
Magic:  14/24      EV: 14    Int: 24    God:    Ashenzari [*.....]
Gold:   586        SH:  0    Dex: 12    Spells: 14/28 levels left

rFire   + . .      SeeInvis .   B - +6 falchion of the Many Nightmares {vorpal, rF+ rN+}
rCold   . . .      Faith    .   (no shield)
rNeg    + . .      Spirit   .   G - +0 troll leather armour
rPois   .          Reflect  .   J - +2 hat {Will+}
rElec   .          Harm     .   r - +2 cloak of the Enigmatic Pleiades {Alch, Self} (curse)
rCorr   .          Rampage  .   u - +0 pair of gloves "Shattered With Me" {Melee, Elem} (curse)
Will    +....                   (no boots)
Stlth   +++.......              (no amulet)
HPRegen 1.04/turn               g - +6 ring of intelligence
MPRegen 0.19/turn               (no ring)

@: ice-armoured, freezing walls
A: fangs 1, strong nose, distributed training
a: Renounce Religion, Shatter the Chains


You were on level 9 of the Dungeon.
You worshipped Ashenzari.
Ashenzari was aware of your devotion.
You visited 1 branch of the dungeon, and saw 9 of its levels.

You collected 586 gold pieces.

Inventory:

Hand Weapons
 n - the +9 hand axe "Teoklutt" {flame, rElec Will- Str+5}
   (You found it on level 4 of the Dungeon)

   It burns those it strikes, dealing additional fire damage.
   Big, fiery blades are also staple armaments of hydra-hunters.
   Str:       It affects your strength (+5).
   rElec:     It insulates you from electricity.
   Will:      It decreases your willpower.
 B - the +6 falchion of the Many Nightmares (weapon) {vorpal, rF+ rN+}
   (You found it on level 7 of the Dungeon)

   It inflicts extra damage upon your enemies.
   rF:        It protects you from fire.
   rN:        It protects you from negative energy.
Missiles
 K - a throwing net
Armour
 a - a +0 robe
 r - the cursed +2 cloak of the Enigmatic Pleiades (worn) {Alch, Self}
   (You took it off Crazy Yiuf on level 3 of the Dungeon)

   It has a curse which improves the following skills: Alchemy: Poison Magic and
   Transmutations.
   Introspection: Fighting and Spellcasting.
 u - the cursed +0 pair of gloves "Shattered With Me" (worn) {Melee, Elem}
   (You found it on level 4 of the Dungeon)

   It has a curse which improves the following skills: Melee Combat: Short
   Blades, Long Blades, Axes, Maces & Flails, Polearms, Staves and Unarmed
   Combat.
   Elements:  Fire Magic, Ice Magic, Air Magic and Earth Magic.
 v - the +3 pair of gauntlets of War {Slay+5}
   (You acquired it on level 9 of the Dungeon)

   Slay:      It affects your accuracy & damage with ranged weapons and melee
   (+5).
 y - a +0 helmet
 G - a +0 troll leather armour (worn)
 J - a +2 hat of willpower (worn)
Jewellery
 g - a +6 ring of intelligence (left hand)
 I - an amulet of reflection
Wands
 H - a wand of charming (5)
Scrolls
 d - 3 scrolls of fog
 f - 11 scrolls of identify
 h - 2 scrolls of immolation
 i - 6 scrolls of fear
 j - a scroll of torment
 k - a scroll of amnesia
 m - 4 scrolls of teleportation
 p - 2 scrolls of poison
 z - a scroll of brand weapon
 C - 2 scrolls of magic mapping
 D - 2 scrolls of noise
 E - a scroll of vulnerability
Potions
 b - a potion of magic
 c - 8 potions of curing
 e - 2 potions of might
 l - 3 potions of mutation
 o - a potion of degeneration
 q - 2 potions of haste
 s - 3 potions of heal wounds
 t - 4 potions of lignification
 w - a potion of invisibility
 x - 2 potions of attraction
 A - a potion of ambrosia
 F - a potion of resistance


   Skills:
 + Level 6.3(7.2) Fighting
 + Level 6.3(7.2) Short Blades
 + Level 6.3(7.2) Long Blades
 + Level 6.3(7.2) Axes
 + Level 6.3(7.2) Maces & Flails
 + Level 6.3(7.2) Polearms
 + Level 6.3(7.2) Staves
 + Level 6.3 Slings
 + Level 6.3 Bows
 + Level 6.3 Crossbows
 + Level 6.3 Throwing
 + Level 6.3 Armour
 + Level 7.9 Dodging
 + Level 7.6 Stealth
 + Level 6.3 Shields
 + Level 6.3(7.2) Unarmed Combat
 + Level 8.1(9.0) Spellcasting
 + Level 5.2 Conjurations
 + Level 5.2 Hexes
 + Level 5.2 Summonings
 + Level 5.2 Necromancy
 + Level 5.2 Translocations
 + Level 5.2(6.0) Transmutations
 + Level 5.2(6.0) Fire Magic
 + Level 8.9(9.8) Ice Magic
 + Level 5.2(6.0) Air Magic
 + Level 5.2(6.0) Earth Magic
 + Level 5.2(6.0) Poison Magic
 + Level 6.9 Invocations
 + Level 6.3 Evocations


You had 14 spell levels left.
You knew the following spells:

 Your Spells              Type           Power      Damage    Failure   Level
a - Freeze                Ice            100%       1d11      1%          1
b - Frozen Ramparts       Ice            100%       1d12      1%          3
c - Ozocubu's Armour      Ice            55%        N/A       1%          3
d - Hailstorm             Conj/Ice       47%        3d11      3%          4
e - Mephitic Cloud        Conj/Pois/Air  38%        N/A       2%          3

Your spell library contained the following spells:

 Spells                   Type           Power      Damage    Failure   Level
 Magic Dart               Conj           100%       1d8       1%          1
 Call Imp                 Summ           36%        N/A       1%          2
 Animate Armour           Summ/Erth      76%        N/A       8%          4
 Blade Hands              Tmut           20%        N/A       17%         5
 Iron Shot                Conj/Erth      19%        9d4       75%         6


Dungeon Overview and Level Annotations

Branches:
Dungeon (9/15)             Temple (0/1) D:6
   Lair: D:8-11         Orc: D:9-12

Altars:
Ashenzari
Cheibriados
Dithmenos

Shops:
D:1 (   D:2 :

Annotations:
D:7 1 runed translucent door, Bruhh's ghost, novice DjTm
D:8 1 runed translucent door, Sat's ghost, novice HOBe


Innate Abilities, Weirdness & Mutations

You have very sharp teeth.
Your uncanny sense of smell can sniff out nearby items.
Your experience applies equally to all skills.


Message History

Confirm with . or Enter, or press ? or * to list all spells.
A film of ice covers your body!
Aiming: Charm
Press: ? - help, Shift-Dir - straight line, f - two-headed ogre
Aim: a two-headed ogre, wielding a +0 giant spiked club and a +0 giant club (asleep, chance to affect: 47%)
The two-headed ogre shouts in stereo!
The two-headed ogre resists with some effort.
The wall freezes the two-headed ogre.
The wall freezes the two-headed ogre.
You freeze the two-headed ogre!
The two-headed ogre is moderately wounded.
The wall freezes the two-headed ogre.
The two-headed ogre closely misses you. x2
You freeze the two-headed ogre!
The two-headed ogre is heavily wounded.
The wall freezes the two-headed ogre.
The two-headed ogre hits you with a +0 giant spiked club!
The two-headed ogre hits you with a +0 giant club!
You freeze the two-headed ogre!
The two-headed ogre is severely wounded.
An acid dragon comes into view.
You freeze the two-headed ogre.
The two-headed ogre is severely wounded.
The acid dragon roars!
The wall freezes the two-headed ogre.
The two-headed ogre hits you with a +0 giant spiked club!!
The two-headed ogre hits you with a +0 giant club!
* * * LOW HITPOINT WARNING * * *
Unknown command.
Casting: Freeze (safe; 1% risk of failure)
Confirm with . or Enter, or press ? or * to list all spells.
Aiming: Freeze (safe; 1% risk of failure)
Press: ? - help, Shift-Dir - straight line, f/p - two-headed ogre
Aim: a two-headed ogre, wielding a +0 giant spiked club and a +0 giant club (severely wounded)
You freeze the two-headed ogre!
The two-headed ogre is almost dead.
The wall freezes the two-headed ogre.
The two-headed ogre hits you with a +0 giant spiked club!
* * * LOW HITPOINT WARNING * * *
The two-headed ogre hits you with a +0 giant club!!
You die...

#.>. #...#
..... #...#
#D#.##
#<#.. #O#.#
#######@#.#
#......#..#
#.#####.###
#.# ∆ #.#
#.# #.# #.#
#####.#


You could see a two-headed ogre and an acid dragon.

Vanquished Creatures
  Gastronok (D:9)
  A centaur warrior (D:8)
  2 two-headed ogres
  Pikel (D:8)
  A cyclops (D:8)
  A manticore (D:8)
  3 trolls (D:8)
  Grinder (D:4)
  A wraith (D:9)
  A yak (D:8)
  A wyvern (D:8)
  3 steam dragons
  A water moccasin (D:8)
  2 ice beasts (D:6)
  2 orc warriors
  5 sky beasts
  A black bear (D:8)
  4 centaurs
  4 phantoms
  3 lemures (D:8)
  A kobold brigand (D:6)
  3 bullfrogs
  3 gnoll sergeants
  A scorpion (D:7)
  2 necrophages
  4 wights (D:8)
  A killer bee (D:8)
  6 howler monkeys
  3 jellies
  5 orc priests
  Crazy Yiuf (D:3)
  4 hounds
  2 gnoll shamans (D:8)
  An iguana (D:5)
  2 orc wizards
  12 adders
  22 gnolls
  A shadow imp (D:7)
  2 white imps
  An ufetubus (D:6)
  3 worms
  3 dart slugs
  35 orcs
  2 bats
  10 endoplasms
  4 giant cockroaches
  15 goblins
  9 hobgoblins
  8 jackals
  6 quokkas
  10 ball pythons
  A frilled lizard (D:3)
  7 kobolds
  3 rats (D:2)
232 creatures vanquished.

Vanquished Creatures (others)
  A lemure (D:8)
  An orc wizard (D:9)
2 creatures vanquished.

Grand Total: 234 creatures vanquished

Notes
Turn   | Place    | Note
-------+----------+-------------------------------------------
     0 | D:1      | Bruhh the Gnoll Ice Elementalist began the quest for the
                  | Orb.
     0 | D:1      | Reached XP level 1. HP: 13/13 MP: 6/6
    20 | D:1      | Found a faded altar of an unknown god.
   159 | D:1      | Reached XP level 2. HP: 19/19 MP: 4/7
   842 | D:1      | Found Munaef's Weapon Shop.
  1031 | D:1      | Reached XP level 3. HP: 24/25 MP: 6/9
  1301 | D:2      | Reached skill level 5 in Spellcasting
  1309 | D:2      | Learned a level 3 spell: Frozen Ramparts
  1313 | D:2      | Learned a level 3 spell: Ozocubu's Armour
  1528 | D:2      | Reached skill level 1 in Invocations
  1605 | D:2      | Reached skill level 1 in Fighting
  1605 | D:2      | Reached skill level 1 in Short Blades
  1605 | D:2      | Reached skill level 1 in Long Blades
  1605 | D:2      | Reached skill level 1 in Axes
  1605 | D:2      | Reached skill level 1 in Maces & Flails
  1605 | D:2      | Reached skill level 1 in Polearms
  1605 | D:2      | Reached skill level 1 in Staves
  1605 | D:2      | Reached skill level 1 in Slings
  1605 | D:2      | Reached skill level 1 in Bows
  1605 | D:2      | Reached skill level 1 in Crossbows
  1605 | D:2      | Reached skill level 1 in Throwing
  1605 | D:2      | Reached skill level 1 in Armour
  1605 | D:2      | Reached skill level 1 in Shields
  1605 | D:2      | Reached skill level 1 in Unarmed Combat
  1605 | D:2      | Reached skill level 1 in Evocations
  1688 | D:2      | Reached XP level 4. HP: 32/32 MP: 8/11
  2007 | D:2      | Reached skill level 1 in Conjurations
  2007 | D:2      | Reached skill level 1 in Hexes
  2007 | D:2      | Reached skill level 1 in Summonings
  2007 | D:2      | Reached skill level 1 in Necromancy
  2007 | D:2      | Reached skill level 1 in Translocations
  2007 | D:2      | Reached skill level 1 in Transmutations
  2007 | D:2      | Reached skill level 1 in Fire Magic
  2007 | D:2      | Reached skill level 1 in Air Magic
  2007 | D:2      | Reached skill level 1 in Earth Magic
  2007 | D:2      | Reached skill level 1 in Poison Magic
  2425 | D:2      | Found a snail-covered altar of Cheibriados.
  2435 | D:2      | Found Kyrunn's Book Shoppe.
  3012 | D:3      | Reached XP level 5. HP: 30/37 MP: 5/12
  3570 | D:3      | Noticed a phantom
  3612 | D:4      | Identified the +9 hand axe "Teoklutt" {flame, rElec Will-
                  | Str+5}
  3620 | D:4      | Reached XP level 6. HP: 40/44 MP: 6/13
  3668 | D:3      | Reached skill level 5 in Dodging
  3975 | D:3      | Found a runed translucent door.
  3976 | D:3      | Noticed Crazy Yiuf
  4194 | D:3      | Killed Crazy Yiuf
  4893 | D:4      | Noticed Grinder
  4899 | D:4      | Paralysed by Grinder for 4 turns
  4904 | D:4      | Killed Grinder
  4905 | D:4      | Reached XP level 7. HP: 32/51 MP: 9/15
  5119 | D:5      | Entered Level 5 of the Dungeon
  5166 | D:5      | Reached skill level 5 in Stealth
  5387 | D:5      | Reached XP level 8. HP: 41/57 MP: 10/16
  6099 | D:6      | Found a broken altar of Ashenzari.
  6100 | D:6      | Found a shadowy altar of Dithmenos.
  6105 | D:6      | You fall into a shaft and drop 1 floor!
  6525 | D:6      | Found a staircase to the Ecumenical Temple.
  6632 | D:6      | Reached XP level 9. HP: 58/65 MP: 10/18
  7229 | D:6      | Became a worshipper of Ashenzari the Shackled
  7335 | D:6      | HP: 3/65 [poisoned by an orc]
  8131 | D:7      | Identified the +6 falchion of the Many Nightmares {vorpal,
                  | rF+ rN+}
  8357 | D:7      | Found a runed translucent door.
  8357 | D:7      | Noticed Bruhh's ghost (novice DjTm)
  8743 | D:8      | Noticed a troll
  8921 | D:8      | Noticed a centaur warrior
  8933 | D:8      | Killed a centaur warrior
  8934 | D:8      | Reached skill level 5 in Invocations
  8939 | D:8      | Noticed a manticore
  9346 | D:8      | Noticed a cyclops
  9356 | D:8      | Killed a cyclops
  9357 | D:8      | Reached XP level 10. HP: 73/73 MP: 14/20
  9404 | D:8      | Reached skill level 5 in Fighting
  9404 | D:8      | Reached skill level 5 in Short Blades
  9404 | D:8      | Reached skill level 5 in Long Blades
  9404 | D:8      | Reached skill level 5 in Axes
  9404 | D:8      | Reached skill level 5 in Maces & Flails
  9404 | D:8      | Reached skill level 5 in Polearms
  9404 | D:8      | Reached skill level 5 in Staves
  9404 | D:8      | Reached skill level 5 in Slings
  9404 | D:8      | Reached skill level 5 in Bows
  9404 | D:8      | Reached skill level 5 in Crossbows
  9404 | D:8      | Reached skill level 5 in Throwing
  9404 | D:8      | Reached skill level 5 in Armour
  9404 | D:8      | Reached skill level 5 in Shields
  9404 | D:8      | Reached skill level 5 in Unarmed Combat
  9404 | D:8      | Reached skill level 5 in Evocations
  9430 | D:8      | Killed a manticore
  9913 | D:8      | Noticed Pikel
  9998 | D:8      | Killed Pikel
 10036 | D:8      | Noticed a two-headed ogre
 10048 | D:8      | Killed a two-headed ogre
 10049 | D:8      | Reached XP level 11. HP: 11/81 MP: 0/22
 10207 | D:8      | Learned a level 4 spell: Hailstorm
 10211 | D:8      | Learned a level 3 spell: Mephitic Cloud
 10289 | D:8      | Found a runed translucent door.
 10289 | D:8      | Noticed Sat's ghost (novice HOBe)
 10579 | D:8      | Found a snail-covered altar of Cheibriados.
 10840 | D:9      | Noticed Gastronok
 10857 | D:9      | Killed Gastronok
 10858 | D:9      | Reached skill level 5 in Conjurations
 10858 | D:9      | Reached skill level 5 in Hexes
 10858 | D:9      | Reached skill level 5 in Summonings
 10858 | D:9      | Reached skill level 5 in Necromancy
 10858 | D:9      | Reached skill level 5 in Translocations
 10858 | D:9      | Reached skill level 5 in Transmutations
 10858 | D:9      | Reached skill level 5 in Fire Magic
 10858 | D:9      | Reached skill level 5 in Air Magic
 10858 | D:9      | Reached skill level 5 in Earth Magic
 10858 | D:9      | Reached skill level 5 in Poison Magic
 11111 | D:9      | Noticed a two-headed ogre
 11119 | D:9      | Killed a two-headed ogre
 11122 | D:9      | Reached * piety under Ashenzari
 11122 | D:9      | Identified a scroll of acquirement
 11128 | D:9      | Acquired the +3 pair of gauntlets of War {Slay+5}
 11128 | D:9      | Found the +3 pair of gauntlets of War {Slay+5}
 11301 | D:9      | Noticed a two-headed ogre
 11312 | D:9      | Slain by a two-headed ogre

Illustrated notes

Levels and vault maps discovered:
D:1:      tarquinn_simple_flora_water_a, layout_loops_corners,
          shapermc_ecumenical_altar_gd, serial_shops,
          nicolae_shop_window_shopping
D:2:      layout_basic, serial_glass, glass_columns_a, glass_columns_b,
          glass_columns_a, glass_columns_a, glass_columns_b, glass_columns_a,
          basic_altar, serial_shops, shop, guppyfry_early_orc_mine
D:3:      layout_rooms, ebering_dispersal_statue_hall,
          kennysheep_generic_room_12, uniq_crazy_yiuf_cottage
D:4:      layout_basic, enter_ossuary_5, uniq_grinder
D:5:      layout_gridville, cheibrodos_sewer_entry_bend, minmay_statues_item
D:6:      layout_layer_cave, chequers_temple_overflow_statue_of_worship,
          minmay_temple_entry_wispy, grunt_ministairs_5
D:7:      layout_rooms, ebering_ghost_reflecting_pool
D:8:      cheibrodos_fzero, layout_loops_ring, gammafunk_ghost_grave,
          minmay_curled_crystal, kennysheep_flooded_box,
          hangedman_minor_gate_pass, uniq_pikel
D:9:      layout_loops_ring, small_statue_intersection, uniq_gastronok

Skill      XL: |  1  2  3  4  5  6  7  8  9 10 11 |
---------------+----------------------------------+-----
Spellcasting   | 5 6 7 8 |  8.1
Invocations    | 1 2 3 4 5 6 |  6.9
Fighting       | 1 2 3 4 5 6 |  6.3
Short Blades   | 1 2 3 4 5 6 |  6.3
Long Blades    | 1 2 3 4 5 6 |  6.3
Axes           | 1 2 3 4 5 6 |  6.3
Maces & Flails | 1 2 3 4 5 6 |  6.3
Polearms       | 1 2 3 4 5 6 |  6.3
Staves         | 1 2 3 4 5 6 |  6.3
Slings         | 1 2 3 4 5 6 |  6.3
Bows           | 1 2 3 4 5 6 |  6.3
Crossbows      | 1 2 3 4 5 6 |  6.3
Throwing       | 1 2 3 4 5 6 |  6.3
Armour         | 1 2 3 4 5 6 |  6.3
Shields        | 1 2 3 4 5 6 |  6.3
Unarmed Combat | 1 2 3 4 5 6 |  6.3
Evocations     | 1 2 3 4 5 6 |  6.3
Conjurations   | 1 2 3 4 5 |  5.2
Hexes          | 1 2 3 4 5 |  5.2
Summonings     | 1 2 3 4 5 |  5.2
Necromancy     | 1 2 3 4 5 |  5.2
Translocations | 1 2 3 4 5 |  5.2
Transmutations | 1 2 3 4 5 |  5.2
Fire Magic     | 1 2 3 4 5 |  5.2
Air Magic      | 1 2 3 4 5 |  5.2
Earth Magic    | 1 2 3 4 5 |  5.2
Poison Magic   | 1 2 3 4 5 |  5.2
Dodging        | 5 6 7 |  7.9
Stealth        | 5 6 7 |  7.6
Ice Magic      | 8 |  8.9

Action                   |  1- 3 |  4- 6 |  7- 9 | 10-12 || total
-------------------------+-------+-------+-------+-------++-------
Melee: Unarmed           |    14 |    15 |       |       ||    29
       Bite              |     1 |     3 |    13 |    24 ||    41
       Hand axe          |       |    31 |    66 |       ||    97
       Punch             |       |       |     3 |     2 ||     5
       Falchion          |       |       |    32 |   141 ||   173
 Cast: Freeze            |    46 |    56 |    24 |    32 ||   158
       Frozen Ramparts   |       |     7 |    10 |    20 ||    37
       Ozocubu's Armour  |       |     4 |     7 |    16 ||    27
       Hailstorm         |       |       |       |     4 ||     4
Invok: Curse Item        |       |       |     1 |     1 ||     2
Evoke: Wand              |       |       |       |     2 ||     2
  Use: Potion            |       |       |     1 |       ||     1
       Scroll            |       |       |       |     1 ||     1
 Stab: Sleeping          |       |     4 |     4 |     2 ||    10
       Distracted        |       |       |       |     1 ||     1
Armor: Robe              |     5 |    16 |    53 |     5 ||    79
       Troll leather arm |       |       |       |    73 ||    73
Dodge: Dodged            |    37 |    54 |    90 |   145 ||   326

Table legend: (Time is in decaauts)
 A = Elapsed time spent in this place.
 B = Non-inter-level travel time spent in this place.
 C = Inter-level travel time spent in this place.
 D = Time resting spent in this place.
 E = Time spent auto-exploring this place.
 F = Levels seen in this place.
 G = Mean time per level.
                   A        B        C        D        E       F      G
               +--------+--------+--------+--------+--------+-----+--------+
         Total |  11356 |  11043 |    313 |    788 |   8318 |   9 | 1261.8 |
       Dungeon |  11356 |  11043 |    313 |    788 |   8318 |   9 | 1261.8 |
               +--------+--------+--------+--------+--------+-----+--------+

Top non-repeatable levels by time:
     D:6: 2004 daAuts
     D:2: 1642 daAuts
     D:8: 1541 daAuts
     D:3: 1409 daAuts
     D:1: 1297 daAuts
     D:7: 1154 daAuts
     D:5: 976 daAuts
     D:4: 774 daAuts
     D:9: 554 daAuts
